 Dungeon Crawl Stone Soup version 0.19-a0-1021-g80cc50c (webtiles) character file.

42 Ihatecarrots00 the Skirmisher (level 3, 0/31 HPs)
             Began as a Centaur Fighter on July 27, 2016.
             Slain by a giant gecko (2 damage)
             ... on level 2 of the Dungeon.
             The game lasted 00:03:11 (1092 turns).

Ihatecarrots00 the Skirmisher (Centaur Fighter)     Turns: 1092, Time: 00:03:12

Health: 0/31       AC:  6    Str: 18    XL:     3   Next: 35%
Magic:  0/3        EV:  6    Int:  7    God:
Gold:   54         SH:  8    Dex:  9    Spells: 0 memorised, 2 levels left

rFire  . . .     SeeInvis .     a - +0 trident
rCold  . . .     Gourm    .     l - +0 ring mail
rNeg   . . .     Faith    .     c - +0 shield
rPois  .         Spirit   +     (no helmet)
rElec  .         Dismiss  .     (no cloak)
rCorr  .         Reflect  .     (no gloves)
SustAt .         Harm     .     (no barding)
MR     .....                    j - amulet of guardian spirit
Stlth  ..........               (no ring)
                                (no ring)

@: very quick, not resistant to hostile enchantments, extremely unstealthy
A: hooves 3, deformed body, speed 2, tough skin 3
a: no special abilities


You were on level 2 of the Dungeon.
You were not hungry.

You visited 1 branch of the dungeon, and saw 2 of its levels.

You collected 54 gold pieces.

Inventory:

Hand Weapons
 a - a +0 trident (weapon)
 p - a +0 long sword
Armour
 b - a +0 scale mail
 c - a +0 shield (worn)
 h - a +1 leather armour of cold resistance
 l - a +0 ring mail (worn)
Jewellery
 j - an amulet of guardian spirit (around neck)
Scrolls
 e - a scroll of recharging {unknown}
 i - a scroll of blinking {unknown}
 o - a scroll of identify {unknown}
Potions
 d - a potion of might
 k - 2 potions of curing {unknown}
 n - a potion of cancellation {unknown}
Comestibles
 f - 2 bread rations
 g - a meat ration
 m - a beef jerky


   Skills:
 + Level 3.3 Fighting
 + Level 2.0 Polearms
 + Level 2.6 Armour
 + Level 1.0 Dodging
 + Level 2.2 Shields


You had 2 spell levels left.
You didn't know any spells.

Dungeon Overview and Level Annotations

Branches:
Dungeon (2/15)

Altars:


Innate Abilities, Weirdness & Mutations

You have hooves in place of feet.
Armour fits poorly on your strangely shaped body.
You cover ground very quickly.
You have extremely tough skin. (AC +3)


Message History

You block the kobold's attack. You block the giant gecko's attack.
You closely miss the kobold. You kick the kobold.
The kobold is severely wounded.
The giant gecko barely misses you. The kobold hits you but does no damage.
Your shield prevents you from hitting the kobold.
You kick the kobold.
You kill the kobold!
Your Polearms skill increases to level 2!
The giant gecko bites you but does no damage. x2
The giant gecko barely misses you.
You see here a kobold corpse.
You completely miss the giant gecko. Your kick misses the giant gecko.
The giant gecko bites you but does no damage.
You closely miss the giant gecko. Your kick misses the giant gecko.
You block the giant gecko's attack. The giant gecko bites you.
* * * LOW HITPOINT WARNING * * *
You closely miss the giant gecko. You block the giant gecko's attack.
You miss the giant gecko. You block the giant gecko's attack.
The giant gecko bites you.
You die...

#...# ##.....#.###.. #...####
#######......#. #......#
#...# ###.##... ######.##
#...# #..#... #..#########...
>...... #..##......#.#
###.#.##.# #.##.(.......#
.....#.##.#
####.#......l...#..#####.##.#
#.....(..().@)....# ....#
......###...........## ...
####.# #...........# #.
#..........## . ##........##
# #........... ..............
##..>.......##


You could see a giant gecko.

Vanquished Creatures
  An adder (D:2)
  An ooze (D:2)
  2 worms (D:2)
  A giant cockroach (D:1)
  2 goblins
  3 hobgoblins
  3 bats (D:1)
  A giant newt (D:1)
  6 kobolds
  6 rats
26 creatures vanquished.

Notes
Turn   | Place    | Note
-------+----------+-------------------------------------------
     0 | D:1      | Ihatecarrots00 the Centaur Fighter began the quest for the Orb.
     0 | D:1      | Reached XP level 1. HP: 19/19 MP: 1/1
   362 | D:1      | Reached XP level 2. HP: 20/26 MP: 2/2
   944 | D:2      | Reached XP level 3. HP: 24/31 MP: 3/3
  1065 | D:2      | Reached skill level 1 in Dodging
  1092 | D:2      | Slain by a giant gecko

Vault maps used:
D:1:      onia_arrival_pyramid
D:2:      uniq_crazy_yiuf_cottage

Skill      XL: |  1  2  3 |
---------------+----------+-----
Dodging        | 1 |  1.0
Polearms       | 2 |  2.0
Fighting       | |  3.3
Armour         | |  2.6
Shields        | |  2.2

Action                   || total
-------------------------++-------
Melee: Trident           ||    90
       Kick              ||    15
Armor: Leather armour    ||    29
       Scale mail        ||     2
       Ring mail         ||    34
Dodge: Dodged            ||    30
Block: Shield            ||    59
